 Dungeon Crawl Stone Soup version 0.30-a0-159-g068b764562 (webtiles) character file.

Game seed: 11692603388442372111

16887 Flugkiller the Fighter (level 12, -13/104 (106) HPs)
             Began as an Ogre Reaver on Sept 27, 2022.
             Was an Elder of Uskayaw.
             Mangled by a balrug
             ... wielding a +2 demon whip of draining
              (24 damage)
             ... on level 3 of the Abyss.
             The game lasted 00:29:18 (17678 turns).

Flugkiller the Fighter (Ogre Reaver)               Turns: 17678, Time: 00:29:19

HP:   -13/104 (106) AC: 12    Str: 19    XL:     12   Next: 42%
MP:   2/18          EV: 13    Int: 16    God:    Uskayaw [****..]
Gold: 402           SH:  5    Dex:  5    Spells: 13/23 levels left

rFire   . . .      SeeInvis .    M - +9 lance "Wyrmbane" {slay drac, rPois rF+ rC+ AC+3}
rCold   . . .      Faith    .    (no shield)
rNeg    . . .      Spirit   .    F - +0 acid dragon scales
rPois   +          Reflect  +    (helmet restricted)
rElec   .          Harm     .    e - +0 cloak
rCorr   +          Rampage  .    (gloves unavailable)
Will    +....                    (boots unavailable)
Stlth   ..........               E - amulet of reflection
HPRegen 0.27/turn                v - +4 ring of evasion
MPRegen 0.16/turn                k - ring of fire

@: about to teleport, lightly drained, unable to read
A: large, unfitting armour, tough skin 1, [clumsy 1], [dopey 1], [frail 2], [low
MP 1], [screaming 1], [heat vulnerability 2], [subdued magic 2], [inability to
read after injury 2]
a: Renounce Religion, Stomp, Line Pass


You were on level 3 of the Abyss.
You worshipped Uskayaw.
Uskayaw was noncommittal.
You visited 2 branches of the dungeon, and saw 12 of its levels.
You visited the Abyss 1 time.
You also visited: Sewer.

You collected 699 gold pieces.
You spent 297 gold pieces at shops.

Inventory:

Hand Weapons
 a - a +0 mace
 j - a +2 short sword of draining
   (You took it off a kobold on level 2 of the Dungeon)
 m - a +1 whip of electrocution
   (You found it on level 2 of the Dungeon)
 M - the +9 lance "Wyrmbane" (weapon) {slay drac, rPois rF+ rC+ AC+3}
   (You took it off Maggie on level 7 of the Dungeon)

   It inflicts extra damage against dragons and draconians.
   AC:        It affects your AC (+3).
   rF:        It protects you from fire.
   rC:        It protects you from cold.
   rPois:     It protects you from poison.
Missiles
 A - 9 curare-tipped darts
Armour
 b - a +0 robe
 e - a +0 cloak (worn)
   (You found it on level 1 of the Dungeon)
 F - +0 acid dragon scales (worn)
   (You took it off Maggie on level 7 of the Dungeon)
Magical Staves
 p - a staff of conjuration
   (You found it on level 3 of the Dungeon)
Jewellery
 g - a ring of positive energy
   (You found it on level 1 of the Dungeon)
 i - a ring of see invisible
   (You found it on level 8 of the Dungeon)
 k - a ring of fire (right hand)
   (You found it on level 3 of the Dungeon)
 v - a +4 ring of evasion (left hand)
   (You found it on level 10 of the Dungeon)
 x - a +6 ring of strength
   (You found it on level 4 of the Dungeon)
 y - a ring of resist corrosion
   (You found it on level 4 of the Dungeon)
 E - an amulet of reflection (around neck)
   (You found it on level 7 of the Dungeon)
Wands
 H - a wand of mindburst (12)
   (You found it on level 7 of the Dungeon)
 K - a wand of iceblast (1)
   (You found it on level 8 of the Dungeon)
 L - a wand of paralysis (10)
   (You found it on level 8 of the Dungeon)
Scrolls
 c - 2 scrolls of enchant armour
 f - 2 scrolls of enchant weapon
 h - 2 scrolls of immolation
 l - 2 scrolls of amnesia
 o - 2 scrolls of poison
 t - 5 scrolls of teleportation
 z - 5 scrolls of blinking
 B - a scroll of fog
 C - a scroll of summoning
 D - a scroll of vulnerability
 J - 2 scrolls of fear
 N - a scroll of brand weapon {unknown}
Potions
 d - 4 potions of might
 n - 3 potions of flight
 q - 5 potions of curing
 r - a potion of mutation {unknown}
 s - 2 potions of brilliance
Miscellaneous
 O - a phantom mirror (inert)
   (You found it on level 9 of the Dungeon)


   Skills:
 + Level 12.6 Fighting
 - Level 2.6 Maces & Flails
 + Level 11.6 Polearms
 - Level 4.0 Armour
 - Level 1.7 Dodging
 - Level 6.0 Spellcasting
 - Level 9.0 Conjurations
 - Level 4.0 Fire Magic
 - Level 4.0 Ice Magic
 - Level 1.0 Earth Magic


You had 13 spell levels left.
You knew the following spells:

 Your Spells              Type           Power      Damage    Failure   Level
a - Kiss of Death         Conj/Necr      48%        2d9       1%          1
b - Volcanic Tap          Conj/Fire/Erth 36%        3d10      2%          2
c - Hailstorm             Conj/Ice       16%        3d6       1%          3
d - Sticky Flame          Conj/Fire      24%        2d5       8%          4

Your spell library contained the following spells:

 Spells                   Type           Power      Damage    Failure   Level
 Ensorcelled Hibernation  Hex/Ice        14%        N/A       8%          2
 Apportation              Tloc           6%         N/A       12%         1
 Slow                     Hex            12%        N/A       12%         1
 Inner Flame              Hex/Fire       10%        N/A       16%         3
 Ignite Poison            Fire/Tmut/Pois 8%         N/A       22%         3
 Confusing Touch          Hex            3%         N/A       36%         3
 Spider Form              Tmut/Pois      3%         N/A       36%         3
 Vampiric Draining        Necr           3%         2d6       36%         3
 Anguish                  Hex/Necr       1%         N/A       80%         4
 Cause Fear               Hex            1%         N/A       80%         4
 Alistair's Intoxication  Tmut/Pois      2%         N/A       99%         5
 Discord                  Hex            1%         N/A       100%        8
 Ignition                 Fire           8%         3d5       100%        8


Dungeon Overview and Level Annotations

Branches:
Dungeon (11/15) Zot: 26307  Temple (1/1) D:7 Zot: 5748    Lair (0/5) D:10
    Orc (0/2) D:9           Sewer (visited)

Altars:
Ashenzari
Cheibriados
Dithmenos
Elyvilon
Fedhas
Gozag
Hepliaklqana
Kikubaaqudgha
Makhleb
Nemelex Xobeh
Okawaru
Qazlal
Ru
Sif Muna
Trog
Uskayaw
Vehumet
Wu Jian
Xom
Yredelemnul
Zin
The Shining One

Shops:
D:1 ?   D:4 (   D:5 *   D:7 ??[[   D:8 :?   D:10 ?

Annotations:
D:11 Sonja


Innate Abilities, Weirdness & Mutations

You are too large for most types of armour.
You have tough skin. (AC +1)
[You are clumsy. (Dex -2)]
[You are dopey. (Int -2)]
[You are very frail. (-20% HP)]
[Your magical capacity is low. (-10% MP)]
[You occasionally shout uncontrollably at your foes.]
[You are very vulnerable to heat. (rF--)]
[Your spells are easier to cast, but less powerful.]
[You sometimes lose the ability to read scrolls when taking damage.]


Message History

A cannonade of hail descends around you!
The hail pelts the flying skull.
The flying skull partially resists.
The flying skull is heavily damaged.
The hail misses the flying skull.
The hail pelts the large abomination!
The large abomination is moderately damaged.
The hail pelts the flying skull.
The flying skull partially resists.
The flying skull is heavily damaged.
The hail pelts the thrashing horror!
The thrashing horror partially resists.
The thrashing horror is moderately damaged.
The flying skull misses you.
You can now pass through a line of other dancers.
Casting: Hailstorm (mildly dangerous; 2% risk of failure)
Confirm with . or Enter, or press ? or * to list all spells.
A cannonade of hail descends around you!
The hail misses the flying skull.
The hail pelts the flying skull!
The flying skull partially resists.
The flying skull is heavily damaged.
The hail pelts the large abomination.
The large abomination is moderately damaged.
The hail misses the flying skull.
The hail misses the thrashing horror.
You can read scrolls again.
The flying skull misses you. The flying skull completely misses you.
A vampire mage comes into view.
Uskayaw will force your foes to helplessly watch your dance.
Uskayaw prepares the audience for your solo!
Casting: Hailstorm (mildly dangerous; 2% risk of failure)
Confirm with . or Enter, or press ? or * to list all spells.
A cannonade of hail descends around you!
The hail pelts the flying skull!
The flying skull partially resists.
The flying skull is almost destroyed.
The hail pelts the flying skull.
The flying skull partially resists.
The flying skull is heavily damaged.
The hail pelts the large abomination!
The large abomination is heavily damaged.
The hail pelts the flying skull but does no damage.
The flying skull is heavily damaged.
The hail pelts the thrashing horror.
The thrashing horror partially resists.
The thrashing horror is heavily damaged.
The efreet is no longer paralysed.
The thrashing horror is no longer paralysed.
The vampire mage is no longer paralysed.
The jiangshi is no longer paralysed.
The flying skull is no longer paralysed. x4
The large abomination is no longer paralysed.
A sun demon comes into view.
The flying skull closely misses you.
The sun demon shouts!
You hear a shout!
You block the flying skull's attack.
A sun demon comes into view.
The flying skull closely misses you. The flying skull hits you.
The vampire mage gestures wildly while chanting.
The vampire mage flickers and vanishes!
Deactivating autopickup; reactivate with Ctrl-A.
The flying skull hits you but does no damage.
The flying skull hits you!
Casting: Hailstorm (mildly dangerous; 2% risk of failure)
Confirm with . or Enter, or press ? or * to list all spells.
A cannonade of hail descends around you!
The hail pelts the flying skull!
The flying skull partially resists.
You destroy the flying skull!
The hail pelts the flying skull.
The flying skull partially resists.
The flying skull is severely damaged.
The hail pelts the large abomination!
The large abomination is severely damaged.
The hail misses the flying skull.
The hail pelts the thrashing horror.
The thrashing horror partially resists.
The thrashing horror is heavily damaged.
The flying skull completely misses you.
A bolt of negative energy appears from out of thin air!
The bolt of negative energy hits the efreet.
The efreet completely resists.
The bolt of negative energy misses the flying skull.
The bolt of negative energy hits the thrashing horror.
The thrashing horror completely resists.
The bolt of negative energy hits the flying skull.
The flying skull completely resists.
The bolt of negative energy misses you.
Uskayaw will force your foes to share their pain.
Uskayaw links your audience in an emotional bond!
You feel the corruption within you wane somewhat.
Your body's shape seems more normal.
You feel more energetic.
You feel agile.
You feel a little less angry.
Your urge to scream lessens.
You feel a little more calm.
You feel clever. The flying skull completely misses you.
The flying skull hits you but does no damage.
The sun demon is no longer sharing its pain.
The balrug hits you with a +2 demon whip of draining.
You are engulfed in flames!
You feel threatened and lose the ability to read scrolls!
* * * LOW HITPOINT WARNING * * *
You feel drained.
* * * LOW HITPOINT WARNING * * *
The balrug barely misses you.
Unknown command.
Unknown command.
The balrug attacks as you move away!
The balrug hits you with a +2 demon whip of draining.
* * * LOW HITPOINT WARNING * * *
You are engulfed in flames!!
You die...

.≈ ≈≈~○
.#..###~ ##
####. .~ #
.#.§.≈~~ #
#§R. .§ ~
## z##3#§.~
#§#X.X. .#
#§2#z###..~
#§@§# ...
#§z#......#
§.##.
#.§.§. ##
## #


You could see a balrug, a thrashing horror (pain bonded), an efreet (pain
bonded) and 3 flying skulls.

Vanquished Creatures
  3 two-headed ogres
  2 thrashing horrors (Abyss:1)
  A wretched star (Abyss:1)
  A glowing orange brain (Abyss:3)
  A wizard (Abyss:3)
  A phantasmal warrior (Abyss:2)
  3 ugly things (D:11)
  A cyclops (D:7)
  2 smoke demons (Abyss:2)
  A gargoyle (D:9)
  Maggie (D:7)
  A merfolk (D:10)
  3 hornets
  A troll (D:11)
  A raiju (Abyss:2)
  Prince Ribbit (D:9)
  A flying skull (Abyss:3)
  A wyvern (D:7)
  A vampire (D:11)
  11 yaks
  2 large abominations
  A wraith (D:9)
  4 steam dragons
  3 vampire mosquitoes (D:10)
  2 small abominations
  A hell hound (Abyss:1)
  An ice beast (D:5)
  2 sky beasts
  A black bear (D:7)
  An ogre (D:7)
  3 orc warriors
  2 centaurs
  A phantom (D:7)
  9 kobold brigands
  7 bullfrogs
  A necrophage (D:5)
  3 scorpions
  4 wights
  9 killer bees (D:9)
  4 howler monkeys
  A crimson imp (D:6)
  5 hounds
  2 jellies (D:7)
  2 quasits (Abyss:1)
  5 orc priests
  3 iguanas
  8 orc wizards
  Natasha (twice) (D:2)
  5 gnolls
  5 adders
  A shadow imp (D:7)
  2 white imps
  2 ufetubi
  3 worms
  A dart slug (D:1)
  30 orcs
  7 bats
  12 endoplasms
  2 giant cockroaches
  4 goblins
  7 hobgoblins
  8 jackals
  6 quokkas
  10 ball pythons
  5 frilled lizards
  22 kobolds
  10 rats
269 creatures vanquished.

Vanquished Creatures (collateral kills)
  An ugly thing (D:11)
1 creature vanquished.

Vanquished Creatures (others)
  Maurice (D:8)
  2 ice beasts (D:7)
  A black bear (D:4)
  A kobold brigand (Sewer)
  A bullfrog (D:4)
  An electric eel (D:6)
  A jelly (D:7)
  A hound (D:6)
  An orc priest (D:7)
  3 iguanas
  Natasha (D:2)
  An orc wizard (D:3)
  7 adders
  An ufetubus (D:5)
  2 worms
  5 orcs
  2 goblins
  A kobold (D:4)
  A quokka (D:5)
  2 bats
  5 plants
41 creatures vanquished.

Grand Total: 311 creatures vanquished

Notes
Turn   | Place    | Note
-------+----------+-------------------------------------------
     0 | D:1      | Flugkiller the Ogre Reaver began the quest for the Orb.
     0 | D:1      | Reached XP level 1. HP: 22/22 MP: 3/3
   515 | D:1      | Reached XP level 2. HP: 29/29 MP: 5/5
   523 | D:1      | Found Huskesm's Magic Scroll Shoppe.
   563 | D:1      | Learned a level 2 spell: Volcanic Tap
   748 | D:1      | Found a faded altar of an unknown god.
   974 | D:1      | Reached XP level 3. HP: 35/36 MP: 6/6
  1637 | D:1      | Bought 2 scrolls of identify for 40 gold pieces
  2179 | D:2      | Noticed Natasha
  2182 | D:2      | Killed Natasha
  2256 | D:2      | Reached skill level 1 in Fire Magic
  2331 | D:2      | Noticed Natasha
  2343 | D:2      | Killed Natasha
  2344 | D:2      | Reached skill level 1 in Earth Magic
  2344 | D:2      | Reached XP level 4. HP: 31/44 MP: 5/8
  2587 | D:2      | Noticed Natasha
  2600 | D:2      | Killed Natasha
  2834 | D:2      | Learned a level 3 spell: Hailstorm
  3413 | D:3      | Reached XP level 5. HP: 30/50 MP: 9/9
  4126 | D:3      | Reached skill level 1 in Ice Magic
  4755 | D:4      | Found a shimmering blue altar of Sif Muna.
  5440 | D:4      | Noticed a black bear
  5721 | D:4      | Found Ifasor's Weapon Boutique.
  6184 | D:4      | Reached XP level 6. HP: 47/53 MP: 0/11
  6567 | D:4      | Killed a black bear
  6700 | D:4      | Reached skill level 5 in Conjurations
  7045 | D:5      | Entered Level 5 of the Dungeon
  7073 | D:5      | Found a broken altar of Ashenzari.
  7077 | D:5      | Noticed an ice beast
  7109 | D:5      | Killed an ice beast
  7254 | D:5      | Found an iron altar of Okawaru.
  7285 | D:5      | Reached XP level 7. HP: 66/66 MP: 9/13
  7421 | D:5      | Found a glowing drain.
  7457 | Sewer    | Entered a sewer
  8454 | Sewer    | Reached XP level 8. HP: 74/74 MP: 8/14
  9034 | D:5      | Found Petikos's Assorted Antiques.
  9039 | D:5      | Bought a murky inky potion for 20 gold pieces
  9039 | D:5      | Bought a scroll labelled YFRIFE PYDGH for 23 gold pieces
  9041 | D:5      | Bought a scroll of identify for 46 gold pieces
  9320 | D:5      | Found a white marble altar of Elyvilon.
  9614 | D:6      | Reached skill level 3 in Fighting
 10576 | D:6      | Found a burning altar of Makhleb.
 10605 | D:7      | Found Nuorch's Magic Scroll Shop.
 10608 | D:7      | Reached skill level 4 in Fighting
 10689 | D:7      | Noticed a cyclops
 10756 | D:7      | Killed a cyclops
 10757 | D:7      | Reached skill level 5 in Fighting
 10757 | D:7      | Reached skill level 5 in Spellcasting
 10757 | D:7      | Reached XP level 9. HP: 63/88 MP: 0/18
 10762 | D:7      | Learned a level 4 spell: Sticky Flame
 10815 | D:7      | Found a staircase to the Ecumenical Temple.
 10834 | D:7      | Found Iliar's Antique Armour Shoppe.
 10913 | D:7      | Found Wuicsyar's Magic Scroll Shoppe.
 10953 | D:7      | Noticed Maggie
 10959 | D:7      | Killed Maggie
 11530 | Temple   | Entered the Ecumenical Temple
 11824 | D:7      | Reached skill level 1 in Polearms
 11908 | D:7      | Reached skill level 6 in Fighting
 12052 | D:7      | Found a shadowy altar of Dithmenos.
 12086 | D:7      | Noticed a hornet
 12090 | D:7      | Killed a hornet
 12142 | D:7      | Found Wiruh's Armour Shoppe.
 12271 | D:7      | Reached XP level 10. HP: 100/100 MP: 19/19
 12531 | D:7      | Reached skill level 7 in Fighting
 12561 | D:8      | Found Meug's Magic Scroll Shoppe.
 12645 | D:8      | Noticed a two-headed ogre
 12646 | D:8      | Reached skill level 8 in Fighting
 12703 | D:8      | Noticed a two-headed ogre
 12932 | D:8      | Killed a two-headed ogre
 12933 | D:8      | Reached skill level 9 in Fighting
 12993 | D:8      | Bought 2 scrolls of fear for 96 gold pieces
 12993 | D:8      | Bought a scroll of identify for 24 gold pieces
 12993 | D:8      | Bought a scroll of identify for 24 gold pieces
 12993 | D:8      | Bought a scroll of identify for 24 gold pieces
 13268 | D:8      | Noticed Maurice
 13271 | D:8      | Killed a two-headed ogre
 13272 | D:8      | Reached skill level 10 in Fighting
 13425 | D:8      | Killed Maurice
 13426 | D:8      | Reached skill level 5 in Polearms
 13691 | D:8      | Found Womop's Tremendous Tomes.
 13795 | D:8      | Found a hide-covered altar of Uskayaw.
 13799 | D:8      | Became a worshipper of Uskayaw the Reveller
 13830 | D:9      | Noticed a gargoyle
 13834 | D:9      | Reached * piety under Uskayaw
 13838 | D:8      | Reached ** piety under Uskayaw
 13869 | D:9      | Noticed Prince Ribbit
 13879 | D:9      | Killed Prince Ribbit
 13926 | D:9      | Killed a gargoyle
 14066 | D:9      | Reached *** piety under Uskayaw
 14229 | D:9      | Reached **** piety under Uskayaw
 14230 | D:9      | Reached XP level 11. HP: 113/117 MP: 17/20
 14232 | D:9      | Reached ***** piety under Uskayaw
 14313 | D:9      | Found an ornate altar of the Wu Jian Council.
 14513 | D:9      | Found a staircase to the Orcish Mines.
 14566 | D:9      | Noticed a two-headed ogre
 14575 | D:9      | Killed a two-headed ogre
 15017 | D:10     | Entered Level 10 of the Dungeon
 15152 | D:10     | Reached skill level 10 in Polearms
 15152 | D:10     | brb
 15268 | D:10     | Found a stormy altar of Qazlal.
 15337 | D:10     | Found Deownas's Magic Scroll Shoppe.
 15418 | D:10     | Found a staircase to the Lair.
 15500 | D:10     | Reached skill level 1 in Armour
 15980 | D:11     | Noticed a red ugly thing
 15980 | D:11     | Noticed a brown ugly thing
 15982 | D:11     | Noticed a purple ugly thing
 16002 | D:11     | Noticed a red ugly thing
 16005 | D:11     | Killed a cyan ugly thing
 16008 | D:11     | Killed a cyan ugly thing
 16016 | D:11     | Killed a purple ugly thing
 16021 | D:11     | Reached ****** piety under Uskayaw
 16024 | D:11     | Killed a purple ugly thing
 16337 | D:11     | Reached skill level 11 in Fighting
 16447 | D:11     | Noticed Sonja
 16454 | Abyss:1  | Cast into level 1 of the Abyss (Sonja)
 16572 | Abyss:1  | Found a shadowy altar of Dithmenos.
 16594 | Abyss:1  | Noticed a thrashing horror
 16603 | Abyss:1  | Killed a thrashing horror
 16604 | Abyss:1  | Reached XP level 12. HP: 108/130 MP: 16/21
 16749 | Abyss:1  | Noticed a thrashing horror
 16829 | Abyss:1  | Noticed a tentacled starspawn
 16861 | Abyss:1  | Noticed a wretched star
 16883 | Abyss:1  | Killed a wretched star
 16961 | Abyss:1  | Noticed a thrashing horror
 16971 | Abyss:1  | Killed a thrashing horror
 17302 | Abyss:2  | Reached skill level 12 in Fighting
 17363 | Abyss:2  | Noticed a wretched star
 17649 | Abyss:3  | Noticed a balrug
 17663 | Abyss:3  | Noticed a thrashing horror
 17667 | Abyss:3  | Noticed a jiangshi
 17670 | Abyss:3  | Noticed a vampire mage
 17671 | Abyss:3  | Noticed a sun demon
 17672 | Abyss:3  | Noticed a sun demon
 17678 | Abyss:3  | Mangled by a balrug

Illustrated notes

#......#######.#.....####.#
###..............#......[.#.#
.................+...).....>.
###.....##########......#.#.#
.........# #......#....
###.[....#########......###..
#..............######......
..#####.#######. ###.... ...
#.††>@..#.########†#.# ..
#..####.#..........#.. #..#
#..........#.# #..#
#......<...#.# #.P..?.#
#.........##.#
...P.FP......#.##########.#
.P...P...P..P# ..
.....P..P.P..y.
.........P..yP.


Turn 15152 on D:10: brb

Levels and vault maps discovered:
D:1:      scummos_arrival_star, layout_loops_corners, serial_shops, shop,
          ebering_ecumenical_altar_sacrificial,
          hangedman_abyss_or_decor_lesser_grid
D:2:      layout_loops_ring, hangedman_decor_peaks_small, uniq_natasha
D:3:      layout_basic
D:4:      minmay_razor_zed, layout_gridville, nicolae_overflow_hidden_temple,
          serial_shops, nicolae_shop_bloodbath_and_beyond
D:5:      layout_loops_ring, okawaru_metal_pillars_1_2,
          nicolae_ashenzari_panopticon, elyvilon_altar_5,
          cheibrodos_sewer_entry_sluice, serial_shops, kennysheep_little_box,
          grunt_ministairs_12, dreamdust_princess_corridor,
          minmay_misc_feat_cross, chequers_serial_rivers_room_b
D:6:      layout_basic, makhleb_grotto_becter, serial_bayou_ford_a
D:7:      minmay_opposing_rooms, layout_basic,
          grunt_dithmenos_smoke_and_mirrors, minmay_temple_entry_butterflies,
          serial_shops, shop_statue, nicolae_stop_n_shop_1,
          nicolae_shop_advertising_works [nicolae_subvault_shop_adworks],
          nicolae_stop_n_shop_1, wad_rectangle_vault, uniq_maggie
D:8:      layout_cave_pools, marbit_many_paths, serial_shops,
          nicolae_stop_n_shop_2, nicolae_shop_i_like_big_books, uniq_maurice
D:9:      layout_gridville, nicolae_overflow_crystal_walls, orc_0_dummy,
          uniq_prince_ribbit1
D:10:     layout_basic, mainiacjoe_overflow_alcove_4,
          grunt_lair_entry_orc_guard_hut, nicolae_take_the_stairs,
          hangedman_fish_farm
D:11:     cheibrodos_breeding_chamber, layout_irregular_city,
          serial_column_ruins, column_ruins_hut, column_ruins_hut,
          column_ruins_open_large, column_ruins_open_tiny,
          column_ruins_open_tiny, column_ruins_open_small,
          column_ruins_open_tiny, uniq_sonja
Temple:   oiseaux_autumnal_temple
Abyss:3:  base: D:6, base:
D:2

Skill      XL: |  1  2  3  4  5  6  7  8  9 10 11 12 |
---------------+-------------------------------------+-----
Conjurations   | 3 4 5 7 8 9 |  9.0
Fire Magic     | 1 4 |  4.0
Spellcasting   | 3 4 6 |  6.0
Earth Magic    | 1 |  1.0
Ice Magic      | 1 2 3 4 |  4.0
Fighting       | 5 6 10 11 12 | 12.6
Polearms       | 3 7 10 11 | 11.6
Armour         | 3 4 |  4.0
Maces & Flails | |  2.6
Dodging        | |  1.7

Action                   |  1- 3 |  4- 6 |  7- 9 | 10-12 || total
-------------------------+-------+-------+-------+-------++-------
Melee: Mace              |   118 |       |       |       ||   118
       Punch             |     3 |       |       |     1 ||     4
       Short sword       |    38 |   149 |     8 |       ||   195
       Staff             |       |    49 |    37 |       ||    86
       Lance             |       |       |    45 |   311 ||   356
 Cast: Kiss of Death     |     1 |     1 |       |       ||     2
       Volcanic Tap      |     7 |    19 |    28 |     4 ||    58
       Hailstorm         |       |    11 |    89 |    58 ||   158
       Sticky Flame      |       |       |     3 |    30 ||    33
Evoke: Wand              |       |       |     5 |     1 ||     6
       Phantom mirror    |       |       |       |     1 ||     1
  Use: Scroll            |     2 |     6 |     7 |     9 ||    24
       Potion            |       |       |     1 |     8 ||     9
 Stab: Paralysed         |       |       |       |    12 ||    12
       Invisible         |       |       |       |     3 ||     3
Armor: Robe              |    62 |   110 |    45 |       ||   217
       Acid dragon scale |       |       |    24 |    99 ||   123
Dodge: Dodged            |    93 |   132 |    56 |   135 ||   416
Block: Other             |       |       |    20 |    51 ||    71
       Reflection        |       |       |     3 |     2 ||     5

Table legend: (Time is in decaauts)
 A = Elapsed time spent in this place.
 B = Non-inter-level travel time spent in this place.
 C = Inter-level travel time spent in this place.
 D = Time resting spent in this place.
 E = Time spent auto-exploring this place.
 F = Levels seen in this place.
 G = Mean time per level.
                   A        B        C        D        E       F      G
               +--------+--------+--------+--------+--------+-----+--------+
         Total |  17815 |  17388 |    427 |   6828 |   7461 |  16 | 1113.4 |
       Dungeon |  15055 |  14637 |    418 |   5434 |   6741 |  11 | 1368.6 |
        Temple |    251 |    242 |      9 |      0 |    229 |   1 |  251.0 |
         Abyss |   1186 |   1186 |      0 |    800 |      0 |   3 |  395.3 |
         Sewer |   1321 |   1321 |      0 |    594 |    491 |   1 | 1321.0 |
               +--------+--------+--------+--------+--------+-----+--------+

Top non-repeatable levels by time:
     D:4: 2248 daAuts
     D:7: 1806 daAuts
     D:1: 1707 daAuts
     D:2: 1619 daAuts
     D:3: 1500 daAuts
     D:6: 1446 daAuts
   Sewer: 1321 daAuts
     D:5: 1254 daAuts
     D:9: 1100 daAuts
     D:8: 971 daAuts
 Abyss:1: 715 daAuts
    D:10: 707 daAuts
    D:11: 691 daAuts
 Abyss:3: 300 daAuts
  Temple: 251 daAuts
